 Dungeon Crawl Stone Soup version 0.18.1-48-g4cf74bf (webtiles) character file.

1424 MarcHammon the Covered (level 8, -10/63 HPs)
             Began as a Minotaur Fighter on Aug 30, 2016.
             Was a Believer of Dithmenos.
             Mangled by Menkaure (17 damage)
             ... on level 6 of the Dungeon.
             The game lasted 00:26:52 (4743 turns).

MarcHammon the Covered (Minotaur Fighter)           Turns: 4743, Time: 00:26:53

Health: -10/63     AC: 17    Str: 20    XL:     8   Next: 44%
Magic:  7/7        EV: 12    Int:  5    God:    Dithmenos [**....]
Gold:   244        SH:  0    Dex: 10    Spells: 0 memorised, 7 levels left

rFire  + . .     SeeInvis .     l - +0 halberd
rCold  . . .     Gourm    .     z - +1 chain mail {rN+}
rNeg   + . .     Faith    .     (shield currently unavailable)
rPois  .         Spirit   .     (helmet restricted)
rElec  .         Dismiss  .     e - +0 cloak
rCorr  .         Reflect  .     (no gloves)
SustAt .         Harm     .     (no boots)
MR     .....                    (no amulet)
Stlth  ..........               B - ring of protection from fire
                                g - +3 ring of evasion

@: wreathed by umbra, not resistant to hostile enchantments, extremely
unstealthy
A: retaliatory headbutt, horns 2, rough black scales 1, frail 1, weak 1
a: Shadow Step, Renounce Religion


You were on level 6 of the Dungeon.
You worshipped Dithmenos.
Dithmenos was pleased with you.
You were not hungry.

You visited 1 branch of the dungeon, and saw 6 of its levels.

You collected 244 gold pieces.

Inventory:

Hand Weapons
 a - a +0 trident
 l - a +0 halberd (weapon)
 m - a +0 halberd
 A - the +4 quarterstaff of Stickiness {crush, rF- rN++, unknown}
   (You found it on level 5 of the Dungeon)

   It inflicts extra damage upon your enemies.
   It makes you vulnerable to fire.
   It greatly protects you from negative energy.
 F - a +0 spear
Armour
 b - a +0 scale mail
 c - a +1 shield
 e - a +0 cloak (worn)
 z - a +1 chain mail of positive energy (worn)
 E - a -1 scale mail
Jewellery
 g - a +3 ring of evasion (left hand)
 q - an uncursed ring of protection from cold
 B - a ring of protection from fire (right hand)
Wands
 v - a wand of random effects (28/48)
Scrolls
 h - 3 scrolls of teleportation
 n - a scroll of remove curse (quivered)
 t - a scroll of noise
 u - a scroll of magic mapping
 y - a scroll of fear
 C - a scroll of identify
 G - a scroll of amnesia {unknown}
Potions
 d - a potion of might
 i - a potion of lignification {unknown}
 j - a potion of heal wounds {unknown}
 k - 2 potions of curing {unknown}
 o - a potion of degeneration {unknown}
 p - a potion of haste {unknown}
 w - a potion of magic {unknown}
 D - a potion of berserk rage {unknown}
Comestibles
 f - a bread ration
 r - a slice of pizza
 s - 2 beef jerkies
 x - 2 royal jellies


   Skills:
 + Level 6.4 Fighting
 + Level 5.8 Polearms
 + Level 7.6 Armour
 + Level 5.4 Dodging
 + Level 1.3 Stealth
 + Level 5.0 Shields


You had 7 spell levels left.
You didn't know any spells.

Dungeon Overview and Level Annotations

Branches:
Dungeon (6/15)
 Temple: D:4-7

Altars:
Dithmenos
Kikubaaqudgha
Nemelex Xobeh
Ru
Sif Muna

Annotations:
D:6 Menkaure


Innate Abilities, Weirdness & Mutations

You reflexively headbutt those who attack you in melee.
You have a pair of horns on your head.
You are partially covered in rough black scales (AC +4, Dex -1).
You are frail (-10% HP).
You are weak. (Str -2)


Message History

The crimson imp hits you but does no damage.
Your chain mail prevents you from hitting the crimson imp.
Your headbutt misses the crimson imp. Menkaure completely misses you.
The crimson imp barely misses you.
You slash the crimson imp! Your headbutt misses the crimson imp.
The crimson imp is heavily wounded.
Menkaure misses you. You furiously retaliate!
You headbutt Menkaure.
The crimson imp hits you but does no damage.
Menkaure hits you!
* * * LOW HITPOINT WARNING * * *
You barely miss the crimson imp.
The crimson imp is heavily wounded.
The crimson imp closely misses you. Menkaure closely misses you.
You furiously retaliate!
You headbutt Menkaure, but do no damage.
You puncture the crimson imp!
You kill the crimson imp!
Dithmenos accepts your kill. Menkaure hits you!
You die...

#+ #.##+## .....#
....# .(. # #'##
.# ######.##
####..##..##
.........
#..@.......#
.........
#.M...)....#
#.###..##
##..####..##
#.###+ #####'# ##
...#... #.....#
...# ..# #.....#
##.# #.######....#
##.###.##.###....#
.'.........'.....#


You could see Menkaure.

Vanquished Creatures
  Sigmund (D:5)
  2 ice beasts
  A black bear (D:4)
  A phantom (D:6)
  2 centaurs
  A gnoll sergeant (D:5)
  Blork the orc (D:6)
  A howler monkey (D:6)
  6 crimson imps
  2 hounds
  A giant frog skeleton (D:4)
  An orc wizard (D:4)
  2 orc priests (D:4)
  An iguana (D:3)
  A worker ant (D:5)
  A worker ant zombie (D:5)
  7 gnolls
  2 adders (D:2)
  3 worms
  A dart slug (D:5)
  A giant gecko (D:1)
  3 orcs
  2 giant cockroaches
  3 goblins (D:2)
  5 hobgoblins
  8 jackals
  3 quokkas
  2 ball pythons
  12 bats
  3 giant newts
  A jackal skeleton (D:5)
  14 kobolds
  A rat (D:2)
96 creatures vanquished.

Notes
Turn   | Place    | Note
--------------------------------------------------------------
     0 | D:1      | MarcHammon the Minotaur Fighter began the quest for the Orb.
     0 | D:1      | Reached XP level 1. HP: 19/19 MP: 0/0
   322 | D:1      | Reached XP level 2. HP: 27/27 MP: 1/1
   927 | D:2      | Found a shadowy altar of Dithmenos.
   927 | D:2      | Found a deep blue altar of Sif Muna.
   937 | D:2      | Became a worshipper of Dithmenos the Shadowed
   986 | D:2      | Reached XP level 3. HP: 27/34 MP: 2/2
  1199 | D:2      | Reached skill level 4 in Armour
  1349 | D:2      | Reached XP level 4. HP: 41/41 MP: 3/3
  1355 | D:2      | Reached skill level 1 in Dodging
  1481 | D:2      | Reached * piety under Dithmenos
  1805 | D:3      | Found an ancient bone altar of Kikubaaqudgha.
  1903 | D:3      | Reached XP level 5. HP: 43/47 MP: 4/4
  2288 | D:4      | Reached skill level 5 in Fighting
  2291 | D:4      | Gained mutation: You are frail (-10% HP). [potion of mutation]
  2291 | D:4      | Gained mutation: You are partially covered in rough black scales (AC +4, Dex -1). [potion of mutation]
  2291 | D:4      | Gained mutation: You are weak. (Str -2) [potion of mutation]
  2676 | D:4      | Reached XP level 6. HP: 42/50 MP: 5/5
  2690 | D:4      | Found a sparkling altar of Nemelex Xobeh.
  3130 | D:4      | Reached skill level 5 in Armour
  3130 | D:4      | Reached skill level 5 in Shields
  3554 | D:5      | Entered Level 5 of the Dungeon
  3624 | D:5      | Got a shimmering quarterstaff
  3719 | D:5      | Noticed Sigmund
  3734 | D:5      | Killed Sigmund
  3734 | D:5      | Reached skill level 6 in Armour
  3734 | D:5      | Reached XP level 7. HP: 49/54 MP: 6/6
  3812 | D:5      | Reached skill level 1 in Stealth
  4046 | D:5      | Reached ** piety under Dithmenos
  4155 | D:5      | Reached XP level 8. HP: 50/63 MP: 7/7
  4372 | D:6      | Reached skill level 7 in Armour
  4372 | D:6      | Reached skill level 5 in Dodging
  4566 | D:6      | Reached skill level 5 in Polearms
  4589 | D:6      | Noticed Blork the orc
  4598 | D:6      | Killed Blork the orc
  4697 | D:6      | Found a sacrificial altar of Ru.
  4725 | D:6      | Noticed Menkaure
  4743 | D:6      | Mangled by Menkaure

Skill      XL: |  1  2  3  4  5  6  7  8 |
---------------+-------------------------+-----
Fighting       | 4 5 6 |  6.4
Shields        | 4 5 |  5.0
Polearms       | 3 4 5 |  5.8
Armour         | 4 6 7 |  7.6
Dodging        | 1 2 4 5 |  5.4
Stealth        | 1 |  1.3

Action                   |  1- 3 |  4- 6 |  7- 9 || total
-------------------------+-------+-------+-------++-------
Melee: Trident           |    84 |     8 |       ||    92
       Headbutt          |    14 |    13 |    22 ||    49
       Halberd           |       |    77 |   113 ||   190
  Use: Scroll            |     6 |     3 |     1 ||    10
       Potion            |       |     1 |       ||     1
  Eat: Bread ration      |       |     2 |     1 ||     3
Armor: Scale mail        |    44 |    40 |     3 ||    87
       Chain mail        |       |     7 |    56 ||    63
       Skin              |       |       |     1 ||     1
Dodge: Dodged            |    65 |   109 |   128 ||   302
Block: Shield            |    77 |     3 |       ||    80
